 Dungeon Crawl Stone Soup version 0.30-a0-283-gf371ce1921 (webtiles) character file.

Game seed: 5373985749509202339

21 Bnni the Grasshopper (level 2, -6/23 HPs)
             Began as a Demonspawn Warper on Oct 16, 2022.
             Mangled by a gnoll
             ... wielding a +0 spear
              (7 damage)
             ... on level 1 of the Dungeon.
             The game lasted 00:01:52 (384 turns).

Bnni the Grasshopper (Demonspawn Warper)             Turns: 384, Time: 00:01:53

Health: -6/23      AC:  3    Str: 11    XL:     2   Next: 62%
Magic:  5/5        EV: 11    Int: 14    God:
Gold:   6          SH:  0    Dex: 12    Spells: 5/5 levels left

rFire   . . .      SeeInvis .    a - +0 falchion
rCold   . . .      Faith    .    (no shield)
rNeg    . . .      Spirit   .    b - +0 leather armour
rPois   .          Reflect  .    (no helmet)
rElec   .          Harm     .    (no cloak)
rCorr   .          Rampage  .    (no gloves)
Will    .....                    (no boots)
Stlth   +.........               (no amulet)
HPRegen 0.23/turn                (no ring)
MPRegen 0.09/turn                (no ring)

@: mighty
A: demonic touch 1
a: no special abilities


You were on level 1 of the Dungeon.
You visited 1 branch of the dungeon, and saw 2 of its levels.

You collected 6 gold pieces.

Inventory:

Hand Weapons
 a - a +0 falchion (weapon)
Missiles
 d - 7 boomerangs of dispersal (quivered)
 h - 5 poisoned darts
Armour
 b - a +0 leather armour (worn)
Scrolls
 c - a scroll of blinking
 e - a scroll of teleportation {unknown}
 i - a scroll of immolation {unknown}
Potions
 g - a potion of brilliance {unknown}


   Skills:
 + Level 2.4 Fighting
 * Level 2.6 Long Blades
 - Level 0.8 Throwing
 - Level 0.8 Armour
 - Level 1.7 Dodging
 - Level 2.0 Spellcasting
 - Level 2.6 Translocations


You had 5 spell levels left.
You didn't know any spells.
Your spell library contained the following spells:

 Spells                   Type           Power      Damage    Failure   Level
 Blink                    Tloc           16%        N/A       16%         2
 Lesser Beckoning         Tloc           16%        N/A       30%         3
 Teleport Other           Tloc           8%         N/A       30%         3
 Vhi's Electric Charge    Tloc/Air       10%        N/A       47%         3
 Manifold Assault         Tloc           8%         N/A       71%         4


Dungeon Overview and Level Annotations

Branches:
Dungeon (2/15)

Altars:

Shops:
D:2 [*


Innate Abilities, Weirdness & Mutations

Your touch may inflict minor irresistible damage on your foes.


Message History

A ball python comes into view.
The ball python hisses angrily.
You barely miss the hobgoblin.
You touch the hobgoblin.
You kill the hobgoblin!
You see here a hobgoblin corpse.
A bat comes into view.
The ball python bites you. The ball python closely misses you.
The bat moves out of view.
You hit the ball python.
You kill the ball python!
The bat hits you but does no damage.
You hit the bat.
You kill the bat!
No target in view!
No target in view!
i - a scroll labelled HOTOLO IXOLL A gnoll comes into view.
It is wielding a +0 spear.
Found 2 poisoned darts.
The gnoll shouts!
The gnoll barely misses you. The gnoll hits you with a +0 spear.
You hit the gnoll but do no damage. The gnoll hits you with a +0 spear.
You barely miss the gnoll. Your touch misses the gnoll.
Your punch misses the gnoll. The gnoll hits you with a +0 spear.
You hit the gnoll. Your touch misses the gnoll.
The gnoll is lightly wounded.
The gnoll barely misses you.
You hit the gnoll but do no damage.
The gnoll is lightly wounded.
The gnoll hits you with a +0 spear.
You are too injured to fight recklessly!
You are too injured to fight recklessly!
You closely miss the gnoll.
The gnoll is lightly wounded.
The gnoll hits you with a +0 spear!
* * * LOW HITPOINT WARNING * * *
It was a potion of might.
You feel very mighty all of a sudden. The gnoll hits you with a +0 spear!
You die...

#.## ##....#.#........
#..###..†....#.###..##
###.#.####..†..)......
##.## #####.###)###
#.# #........ #.##
#.###.##) .......#.##
#.#...... #.....###.#
#.#.#.### #.#### #@##
#.#.#.... #g## #.#
#.### #.. #.# #(.
#.### #.. #.... ...
##### #### . ##


You could see a gnoll.

Vanquished Creatures
  2 dart slugs (D:1)
  3 bats (D:1)
  3 endoplasms (D:1)
  A hobgoblin (D:1)
  2 ball pythons (D:1)
  A goblin (D:1)
  4 kobolds (D:1)
  2 rats (D:1)
18 creatures vanquished.

Notes
Turn   | Place    | Note
-------+----------+-------------------------------------------
     0 | D:1      | Bnni the Demonspawn Warper began the quest for the Orb.
     0 | D:1      | Reached XP level 1. HP: 16/16 MP: 3/3
    96 | D:1      | Gained mutation: Your touch may inflict minor irresistible
                  | damage on your foes. [demonic ancestry]
    96 | D:1      | Reached XP level 2. HP: 13/22 MP: 5/5
   209 | D:1      | Found a faded altar of an unknown god.
   231 | D:1      | You fall into a shaft and drop 1 floor!
   231 | D:2      | Found Ukkueruy's General Store.
   248 | D:2      | Found Hiowuate's Antique Armour Emporium.
   383 | D:1      | HP: 1/23 [gnoll/+0 spear (7)]
   384 | D:1      | Mangled by a gnoll

Illustrated notes

Levels and vault maps discovered:
D:1:      mrwooster_arrival_statue_3, layout_loops_ring, basic_ecumenical_altar,
          minmay_misc_feat_hallway
D:2:      layout_basic, basic_altar, serial_shops, nicolae_shop_crystal,
          nicolae_shop_trees, nicolae_shop_stone, shop, shop, chequers_arboretum

Skill      XL: |  1 |
---------------+----+-----
Long Blades    | 2 |  2.6
Fighting       | |  2.4
Throwing       | |  0.8
Armour         | |  0.8
Dodging        | |  1.7
Spellcasting   | |  2.0
Translocations | |  2.6

Action                   || total
-------------------------++-------
Melee: Falchion          ||    38
       Touch             ||     5
       Punch             ||     1
  Use: Potion            ||     1
Armor: Leather armour    ||     8
Dodge: Dodged            ||    14

Table legend: (Time is in decaauts)
 A = Elapsed time spent in this place.
 B = Non-inter-level travel time spent in this place.
 C = Inter-level travel time spent in this place.
 D = Time resting spent in this place.
 E = Time spent auto-exploring this place.
 F = Levels seen in this place.
 G = Mean time per level.
                   A        B        C        D        E       F      G
               +--------+--------+--------+--------+--------+-----+--------+
         Total |    390 |    390 |      0 |      0 |    260 |   2 |  195.0 |
       Dungeon |    390 |    390 |      0 |      0 |    260 |   2 |  195.0 |
               +--------+--------+--------+--------+--------+-----+--------+

Top non-repeatable levels by time:
     D:1: 359 daAuts
     D:2: 30 daAuts
